 Dungeon Crawl Stone Soup version 0.27.1-33-g824d729ab1 (webtiles) character file.

Game seed: 18249005963628392910

13 Ma1vorus the Chiller (level 2, -10/20 HPs)
             Began as a Ghoul Ice Elementalist on Dec 13, 2021.
             Mangled by Sigmund (11 damage)
             ... on level 2 of the Dungeon.
             The game lasted 00:16:10 (2126 turns).

Ma1vorus the Chiller (Ghoul Ice Elementalist)       Turns: 2126, Time: 00:16:10

Health: -10/20     AC:  6    Str: 11    XL:     2   Next: 37%
Magic:  2/3        EV: 12    Int: 10    God:
Gold:   4          SH:  0    Dex:  9    Spells: 3/4 levels left

rFire    . . .     SeeInvis .   (no weapon)
rCold    + . .     Faith    .   (no shield)
rNeg     + + +     Spirit   .   a - +0 robe
rPois    ∞         Reflect  .   (no helmet)
rElec    .         Harm     .   (no cloak)
rCorr    .         Rampage  .   (no gloves)
Will     .....                  (no boots)
Stlth    ++........             (no amulet)
HPRegen  0.00/turn              i - +4 ring of protection
MPRegen  0.08/turn              (no ring)

@: inhibited regen
A: claws 1, cold resistance 1, negative energy resistance 3, inhibited
regeneration, torment resistance 2
a: no special abilities


You were on level 2 of the Dungeon.
You visited 1 branch of the dungeon, and saw 2 of its levels.

You collected 4 gold pieces.

Inventory:

Hand Weapons
 c - a +0 hand axe
 d - a +0 spear
 f - a +0 whip
 j - a +0 short sword
 k - a +0 dagger of speed
Missiles
 g - 24 bolts
Armour
 a - a +0 robe (worn)
Jewellery
 i - a +4 ring of protection (left claw)
Scrolls
 b - a scroll of blinking {unknown}
 e - a scroll of teleportation {unknown}
 h - a scroll of silence {unknown}


   Skills:
 + Level 1.8 Dodging
 + Level 2.3 Stealth
 + Level 0.1 Unarmed Combat
 + Level 1.9 Spellcasting
 + Level 4.8 Ice Magic


You had 3 spell levels left.
You knew the following spells:

 Your Spells              Type           Power      Damage    Failure   Level
a - Freeze                Ice            40%        1d6       4%          1

Your spell library contained the following spells:

 Spells                   Type           Power      Damage    Failure   Level
 Frozen Ramparts          Ice            20%        1d4       13%         3
 Ozocubu's Armour         Ice            10%        N/A       13%         3
 Dazzling Flash           Conj/Hex       0%         N/A       67%         3
 Hailstorm                Conj/Ice       5%         3d4       75%         4
 Iskenderun's Mystic Bla  Conj/Tloc      0%         2d3       97%         4
 Starburst                Conj/Fire      0%         6d3       100%        6
 Beastly Appendage        Tmut           Unusable   N/A       N/A         1
 Wereblood                Tmut           Unusable   N/A       N/A         2
 Spider Form              Tmut/Pois      Unusable   N/A       N/A         3

Dungeon Overview and Level Annotations

Branches:
Dungeon (2/15)

Altars:

Annotations:
D:2 Sigmund


Innate Abilities, Weirdness & Mutations

You thrive by killing the living.
You are immune to poison.
You have sharp fingernails.
Your flesh is cold resistant. (rC+)
You are immune to negative energy. (rN+++)
You do not regenerate when monsters are visible.
You are immune to unholy pain and torment.


Message History

You feel better.
Things that are here:
a +0 dagger of speed; a kobold corpse Unknown command.
You start resting.
HP restored.
k - a +0 dagger of speed Your movement speed is average.
Your attack delay is about 0.9.
Unknown command.
A rat comes into view.
You scratch the rat but do no damage. The rat bites you.
You scratch the rat.
The rat is moderately wounded.
The rat barely misses you.
You scratch the rat.
You kill the rat!
You feel better.
Sigmund the Dreaded comes into view.
He is wielding a +0 scythe of flaming.
Found a bubbling orange potion.
Found 21 poisoned darts.
Sigmund shouts!
Sigmund mumbles some strange words.
Sigmund flickers and vanishes!
Deactivating autopickup; reactivate with Ctrl-A.
Something hits you. Something burns you. Something hits you.
Something burns you.
Aiming: Freeze (safe; 4% risk of failure)
Press: ? - help, Q - select action Shift-Dir - straight line You freeze something.
You scratch something but do no damage. Something hits you but does no damage.
You barely miss something. Something hits you but does no damage.
You barely miss something. You scratch something.
You hear some strange, mumbled words.
A magic dart appears from out of thin air!
The magic dart hits you.
* * * LOW HITPOINT WARNING * * *
You closely miss something. Something hits you!
Ouch! That really hurt!
You die...

#.# #.# #.# #.#
#(# #!#
#########{#
#.......#@#
#.......#.#
#.......#.#
#.......#.#
#.......#.# ###
#.........#
#.#########.####
#........##.#
#.######.##.#


There were no monsters in sight!

Vanquished Creatures
  2 dart slugs (D:1)
  2 giant cockroaches (D:1)
  A ball python (D:1)
  A goblin (D:1)
  2 kobolds
  3 rats
11 creatures vanquished.

Notes
Turn   | Place    | Note
-------+----------+-------------------------------------------
     0 | D:1      | Ma1vorus the Ghoul Ice Elementalist began the quest for the
                  | Orb.
     0 | D:1      | Reached XP level 1. HP: 14/14 MP: 2/2
   854 | D:1      | Reached XP level 2. HP: 17/20 MP: 3/3
  2115 | D:2      | Noticed Sigmund
  2125 | D:2      | HP: 1/20 [something/magic dart (6)]
  2126 | D:2      | Mangled by Sigmund

Illustrated notes

Levels and vault maps discovered:
D:1:      heliophobic_arrival_ceremonial_halls, layout_basic
D:2:      layout_basic, hellmonk_ecumenical_altar_crossroads, uniq_sigmund

Action                   || total
-------------------------++-------
Melee: Unarmed           ||    55
 Cast: Freeze            ||     6
 Stab: Sleeping          ||     1
Armor: Robe              ||    13
Dodge: Dodged            ||    29
